 Dungeon Crawl Stone Soup version 0.25-a0-510-ge065f6d (webtiles) character file.

Game seed: 8530784234817677791, levelgen mode: deterministic

3629 Faels the Cleaver (level 9, -13/73 HPs)
             Began as a Demonspawn Fighter on Feb 14, 2020.
             Was an Elder of Okawaru.
             Mangled by a komodo dragon (16 damage)
             ... on level 8 of the Dungeon.
             The game lasted 00:21:34 (8136 turns).

Faels the Cleaver (Demonspawn Fighter)              Turns: 8136, Time: 00:21:34

Health: -13/73     AC: 14    Str: 26    XL:     9   Next: 87%
Magic:  9/9        EV: 13    Int:  9    God:    Okawaru [****..]
Gold:   80         SH: 16    Dex: 20    Spells: 8/8 levels left

rFire    . . .     SeeInvis .   I - +0 broad axe
rCold    . . .     Gourm    .   c - +0 kite shield
rNeg     . . .     Faith    .   v - +0 chain mail
rPois    +         Spirit   .   w - +0 helmet
rElec    .         Reflect  .   O - +2 cloak {+Inv}
rCorr    +         Harm     .   M - +0 pair of fencer's gloves {Riposte Dex+3}
MR       .....                  (no boots)
Stlth    ..........             (no amulet)
HPRegen  0.22/turn              o - ring of poison resistance
MPRegen  0.11/turn              J - ring of resist corrosion

@: mighty, agile
A: talons 2, large bone plates 2, powered by pain 1, rot immunity
a: Heroism, Renounce Religion, Evoke Invisibility


You were on level 8 of the Dungeon.
You worshipped Okawaru.
Okawaru was greatly pleased with you.
You were not hungry.

You visited 2 branches of the dungeon, and saw 9 of its levels.
You also visited: Sewer.

You collected 275 gold pieces.
You spent 195 gold pieces at shops.

Inventory:

Hand Weapons
 u - a +2 scimitar of flaming
 I - a +0 broad axe (weapon)
 P - a +6 mace of holy wrath
Missiles
 q - 3 curare-tipped darts
 B - 66 poisoned darts (quivered)
Armour
 c - a +0 kite shield (worn)
 r - a +0 plate armour
 v - a +0 chain mail (worn)
 w - a +0 helmet (worn)
 G - a +1 ring mail of poison resistance
 M - the +0 pair of fencer's gloves (worn) {Riposte Dex+3}
   (You found it on level 7 of the Dungeon)

   It affects your dexterity (+3).
   If you remove this armour, your AC will decrease by 1 (14 -> 13).
 O - a +2 cloak of invisibility (worn)
Jewellery
 o - a ring of poison resistance (left hand)
 y - a +2 ring of protection
 H - an uncursed ring of see invisible
 J - a ring of resist corrosion (right hand)
 L - an uncursed ring of magical power
Wands
 t - a wand of acid (5)
 N - a wand of polymorph (5)
Scrolls
 b - a scroll of random uselessness {unknown}
 e - 3 scrolls of magic mapping
 h - 6 scrolls of teleportation
 i - 3 scrolls of enchant weapon
 j - 2 scrolls of blinking {unknown}
 n - 2 scrolls of remove curse
 p - a scroll of immolation {unknown}
 A - a scroll of fear {unknown}
 E - a scroll of fog {unknown}
 F - a scroll of holy word {unknown}
 K - 3 scrolls of enchant armour {unknown}
Potions
 a - 2 potions of agility {unknown}
 d - 4 potions of might
 g - a potion of lignification
 k - 3 potions of flight
 l - 2 potions of heal wounds
 m - a potion of invisibility {unknown}
 x - 3 potions of haste
 z - a potion of brilliance {unknown}
 C - a potion of magic {unknown}
 D - 2 potions of curing {unknown}
Comestibles
 f - 10 rations
 s - 4 chunks of flesh


   Skills:
 + Level 7.7 Fighting
 * Level 9.4 Axes
 + Level 5.2 Throwing
 - Level 2.6 Armour
 - Level 3.2 Dodging
 - Level 2.6 Shields


You had 8 spell levels left.
You didn't know any spells.
Your spell library contained the following spells:

 Spells                   Type           Power        Failure   Level  Hunger
 Animate Skeleton         Necr           N/A          100%        1    ##.....
 Pain                     Necr           #...         100%        1    ##.....
 Confusing Touch          Hex            #.......     100%        3    ####...
 Gell's Gravitas          Tloc           #.........   100%        3    ####...
 Vampiric Draining        Necr           #.........   100%        3    ####...
 Animate Dead             Necr           N/A          100%        4    #####..
 Petrify                  Tmut/Erth      #.......     100%        4    #####..
 Agony                    Necr           #.......     100%        5    ######.
 Metabolic Englaciation   Hex/Ice        #.........   100%        5    ######.
 Yara's Violent Unravell  Hex/Tmut       #.........   100%        5    ######.


Dungeon Overview and Level Annotations

Branches:
Dungeon (8/15)             Temple (1/1) D:4           Sewer (visited)
   Lair: D:8-11

Altars:
Ashenzari
Cheibriados
Dithmenos
Elyvilon
Fedhas
Gozag
Hepliaklqana
Kikubaaqudgha
Makhleb
Nemelex Xobeh
Okawaru
Qazlal
Ru
Sif Muna
Trog
Uskayaw
Vehumet
Wu Jian
Xom
Yredelemnul
Zin
The Shining One

Shops:
D:4 ?

Annotations:
D:3 2 transporters, FeloniousTub's ghost, amateur MiBe


Innate Abilities, Weirdness & Mutations

You have razor-sharp toenails.
You are mostly covered in large bone plates. (SH +6)
You sometimes gain a little power by taking damage.
You are immune to rotting.


Message History

A hound comes into view.
You block the komodo dragon's attack.
The hound barks!
You slice the komodo dragon!! Your kick misses the komodo dragon.
The komodo dragon is almost dead.
You hear an angry hiss.
You hear a shout!
The komodo dragon bites you!
You hit the komodo dragon but do no damage.
The komodo dragon is almost dead.
The komodo dragon bites you!
You focus on the pain.
You feel very mighty all of a sudden.
You closely miss the komodo dragon.
You claw the komodo dragon, but do no damage.
The komodo dragon is almost dead.
The komodo dragon bites you!!
* * * LOW HITPOINT WARNING * * *
You focus on the pain.
You feel agile all of a sudden. The komodo dragon bites you!
You die...

#...#......)..
#...#...#.)..#..#.. .
#...#...#...##..#.? ...
...#...###.....#..
...######.##.........##..
...........#......####...
...........###..........#
.............#####......#
................@l......#
...........#.....h.....##
########'########......#
..........# +......#
..........# #......#
...##.....# #......#
#####.....# #........
..........# #.....[..
..........#


You could see a komodo dragon and a hound.

Vanquished Creatures
  Erica (D:8)
  A wraith (D:8)
  2 wyverns
  2 yaks (D:7)
  An ice beast (D:7)
  A sky beast (D:7)
  An orc warrior (D:8)
  3 ogres
  3 centaurs
  2 big kobolds (Sewer)
  7 bullfrogs
  A scorpion (D:7)
  A crimson imp (D:7)
  A centaur zombie (D:7)
  A hound (D:7)
  Crazy Yiuf (D:7)
  An orc priest (D:6)
  2 bullfrog skeletons
  2 iguanas
  4 orc wizards
  7 worker ants
  A hound skeleton (D:6)
  10 adders
  A river rat (Sewer)
  3 shadow imps
  3 oozes
  An adder zombie (D:5)
  A worm (D:2)
  2 dart slugs (D:1)
  5 leopard geckos
  28 orcs
  11 giant cockroaches
  6 goblins
  9 hobgoblins
  4 jackals (D:4)
  11 kobolds
  A quokka (D:5)
  11 ball pythons
  12 bats
  3 frilled lizards
  A leopard gecko zombie (D:7)
  12 rats
181 creatures vanquished.

Notes
Turn   | Place    | Note
-------+----------+-------------------------------------------
     0 | D:1      | Faels the Demonspawn Fighter began the quest for the Orb.
     0 | D:1      | Reached XP level 1. HP: 18/18 MP: 1/1
    24 | D:1      | Reached skill level 2 in Axes
   139 | D:1      | Gained mutation: You sometimes gain a little power by
                  | taking damage. [demonic ancestry]
   139 | D:1      | Reached XP level 2. HP: 24/24 MP: 2/2
   520 | D:1      | Reached skill level 1 in Dodging
   520 | D:1      | Gained mutation: You have sharp toenails. [demonic
                  | ancestry]
   520 | D:1      | Reached XP level 3. HP: 29/29 MP: 3/3
  1078 | D:2      | Reached skill level 3 in Axes
  1131 | D:2      | Gained mutation: You are partially covered in large bone
                  | plates. (SH +4) [demonic ancestry]
  1131 | D:2      | Reached XP level 4. HP: 33/35 MP: 4/4
  1228 | D:2      | Found a hazy altar of Hepliaklqana.
  1229 | D:2      | Found a snail-covered altar of Cheibriados.
  1229 | D:2      | Found a glowing silver altar of Zin.
  1229 | D:2      | Found a radiant altar of Vehumet.
  1290 | D:2      | Found a shimmering altar of Xom.
  1297 | D:2      | Found a hide-covered altar of Uskayaw.
  1297 | D:2      | Found a blossoming altar of Fedhas.
  1298 | D:2      | Found a stormy altar of Qazlal.
  1318 | D:2      | Found a faded altar of an unknown god.
  1646 | D:2      | Found a burning altar of Makhleb.
  1929 | D:3      | Found a transporter.
  1929 | D:3      | Noticed FeloniousTub's ghost (amateur MiBe)
  1949 | D:3      | Found a transporter.
  2068 | D:3      | Found a sacrificial altar of Ru.
  2508 | D:4      | Found a staircase to the Ecumenical Temple.
  2509 | D:4      | Found a shattered altar of Ashenzari.
  2513 | D:4      | Found Wibboc's Magic Scroll Boutique.
  2524 | D:4      | Bought a scroll of identify for 26 gold pieces
  2524 | D:4      | Bought a scroll of identify for 26 gold pieces
  2524 | D:4      | Bought 2 scrolls of identify for 52 gold pieces
  2539 | Temple   | Entered the Ecumenical Temple
  2742 | Temple   | Became a worshipper of Warmaster Okawaru
  2807 | D:4      | Gained mutation: You are mostly covered in large bone
                  | plates. (SH +6) [demonic ancestry]
  2807 | D:4      | Reached XP level 5. HP: 37/42 MP: 5/5
  3178 | D:4      | Noticed an ogre
  3182 | D:4      | Killed an ogre
  3182 | D:4      | Reached skill level 4 in Axes
  3190 | D:4      | Reached XP level 6. HP: 48/48 MP: 6/6
  3548 | D:5      | Entered Level 5 of the Dungeon
  3570 | D:5      | Found a bloodstained altar of Trog.
  3674 | D:5      | Found a glowing drain.
  3689 | Sewer    | Entered a sewer
  4046 | Sewer    | Reached * piety under Okawaru
  4046 | Sewer    | Reached skill level 5 in Axes
  4046 | Sewer    | Gained mutation: You have razor-sharp toenails. [demonic
                  | ancestry]
  4046 | Sewer    | Reached XP level 7. HP: 55/55 MP: 7/7
  5068 | D:4      | Bought a scroll of identify for 26 gold pieces
  5068 | D:4      | Bought a scroll of identify for 26 gold pieces
  5068 | D:4      | Bought a scroll of teleportation for 39 gold pieces
  5119 | D:6      | Reached skill level 5 in Fighting
  5246 | D:6      | Found a shadowy altar of Dithmenos.
  5286 | D:6      | Reached skill level 1 in Throwing
  5638 | D:6      | Found an opulent altar of Gozag.
  5668 | D:6      | Reached skill level 6 in Axes
  5780 | D:6      | Reached XP level 8. HP: 54/63 MP: 8/8
  6153 | D:7      | Reached ** piety under Okawaru
  6213 | D:7      | Reached skill level 7 in Axes
  6587 | D:7      | Reached *** piety under Okawaru
  6587 | D:7      | Gained mutation: You are immune to rotting. [demonic
                  | ancestry]
  6587 | D:7      | Reached XP level 9. HP: 25/71 MP: 9/9
  6696 | D:7      | Reached skill level 8 in Axes
  6698 | D:7      | Found the +0 pair of fencer's gloves {Riposte Dex+3}
  7106 | D:7      | Found a runed translucent door.
  7107 | D:7      | Noticed Crazy Yiuf
  7283 | D:7      | Killed Crazy Yiuf
  7594 | D:8      | Found a hide-covered altar of Uskayaw.
  8024 | D:8      | Noticed Erica
  8036 | D:8      | Killed Erica
  8036 | D:8      | Reached **** piety under Okawaru
  8036 | D:8      | Reached skill level 9 in Axes
  8036 | D:8      | Reached skill level 5 in Throwing
  8084 | D:8      | Noticed a komodo dragon
  8136 | D:8      | HP: 3/73 [komodo dragon (20)]
  8136 | D:8      | Mangled by a komodo dragon

Levels and vault maps discovered:
D:1:      onia_arrival_handbag, layout_loops_ring, minmay_pentomino_z4
D:2:      layout_basic, grunt_temple_overflow_open, first_ration,
          chequers_ecumenical_altar_twisty, bloody_makhleb
D:3:      layout_basic, gammafunk_ghost_mausoleum,
          chequers_serial_rivers_small_b, nicolae_ru_great_annihilating_truth
D:4:      layout_gridville, ashenzari_altar_1, minmay_temple_entry_trees,
          serial_shops, shop_fountains, serial_rivers,
          chequers_serial_rivers_marsh, chequers_serial_rivers_room_b,
          chequers_serial_rivers_micro_a, chequers_serial_rivers_micro_d
D:5:      layout_basic, overflow_temple_1_default, gup_sewer_entry_bubbles
D:6:      layout_loops_ring, grunt_dithmenos_smoke, nicolae_gozag_seed_capital
D:7:      layout_loops_ring, kb_rosetta, uniq_crazy_yiuf_cottage
D:8:      layout_gridville, basic_altar, grunt_livestock, minmay_radiant,
          uniq_erica
Temple:   jpeg_temple_alley_garden

Skill      XL: |  1  2  3  4  5  6  7  8  9 |
---------------+----------------------------+-----
Axes           | 2 3 4 5 6 7 9 |  9.4
Dodging        | 1 2 3 |  3.2
Fighting       | 4 5 6 7 |  7.7
Throwing       | 1 3 5 |  5.2
Armour         | |  2.6
Shields        | |  2.6

Action                   |  1- 3 |  4- 6 |  7- 9 || total
-------------------------+-------+-------+-------++-------
Melee: War axe           |   124 |   244 |    93 ||   461
       Kick              |    13 |    54 |    87 ||   154
       Broad axe         |       |       |   172 ||   172
       Unarmed           |       |       |     1 ||     1
Throw: Dart              |       |     3 |    20 ||    23
Invok: Heroism           |       |       |     1 ||     1
  Use: Scroll            |       |     8 |     5 ||    13
       Potion            |       |     1 |     1 ||     2
  Eat: Chunk             |     1 |    10 |    13 ||    24
Armor: Scale mail        |    56 |    35 |       ||    91
       Chain mail        |       |    51 |    71 ||   122
Dodge: Dodged            |    45 |    48 |    39 ||   132
Block: Kite shield       |    63 |   193 |   178 ||   434
       Rpst.: Broad axe  |       |       |     6 ||     6

Table legend:
 A = Non-vault XP
 B = Vault XP
 C = Vault XP percentage of total XP
 D = Non-vault monster count
 E = Vault monster count
 F = Vault count percentage of total count
                 A         B        C        D         E       F
            +---------+---------+-------+---------+---------+-------
      Total |    3140 |    2045 |  39.4 |     137 |      44 |  24.3
            +---------+---------+-------+---------+---------+-------
        D:1 |      49 |       8 |  14.0 |      21 |       7 |  25.0
        D:2 |      65 |       0 |   0.0 |      23 |       0 |   0.0
        D:3 |      11 |      51 |  82.3 |       5 |       4 |  44.4
        D:4 |     276 |       0 |   0.0 |      16 |       0 |   0.0
        D:5 |     217 |      13 |   5.7 |      11 |       6 |  35.3
        D:6 |     481 |       0 |   0.0 |      21 |       0 |   0.0
        D:7 |    1335 |     559 |  29.5 |      24 |       5 |  17.2
        D:8 |     706 |    1146 |  61.9 |      16 |       2 |  11.1
      Sewer |       0 |     268 | 100.0 |       0 |      20 | 100.0
            +---------+---------+-------+---------+---------+-------
